 Dungeon Crawl Stone Soup version 0.21.1-1-g345015f (webtiles) character file.

1493 Kairos the Chopper (level 8, -5/60 HPs)
             Began as a Demonspawn Skald on Mar 26, 2018.
             Killed by divine providence
             ... invoked by an orc priest
              (13 damage)
             ... on level 6 of the Dungeon.
             The game lasted 00:14:56 (5542 turns).

Kairos the Chopper (Demonspawn Skald)               Turns: 5542, Time: 00:14:57

Health: -5/60      AC:  4    Str: 13    XL:     8   Next: 51%
Magic:  0/12       EV: 16    Int: 15    God:
Gold:   311        SH:  0    Dex: 17    Spells: 10/13 levels left

rFire    . . .     SeeInvis .   o - +3 hand axe (flame)
rCold    . . .     Gourm    .   (no shield)
rNeg     . . .     Faith    .   b - +0 leather armour
rPois    .         Spirit   +   (helmet restricted)
rElec    .         Reflect  .   (no cloak)
rCorr    .         Harm     .   g - +0 pair of gloves
MR       .....                  (no boots)
Stlth    +++.......             e - amulet of guardian spirit
HPRegen  0.20/turn              l - +3 ring of evasion
MPRegen  0.13/turn              (no ring)

@: infused (expiring)
A: horns 2, thin skeletal structure 2, powered by death 1, spiny 1
a: no special abilities


You were on level 6 of the Dungeon.
You were hungry.

You visited 2 branches of the dungeon, and saw 7 of its levels.
You also visited: Sewer.

You collected 311 gold pieces.

Inventory:

Hand Weapons
 a - a +0 mace
 o - a +3 hand axe of flaming (weapon)
Armour
 b - a +0 leather armour (worn)
 g - a +0 pair of gloves (worn)
Jewellery
 e - an amulet of guardian spirit (around neck)
 l - a +3 ring of evasion (left hand)
 z - an uncursed amulet of regeneration
Scrolls
 f - a scroll of teleportation {unknown}
 h - a scroll of fear
 i - a scroll of fog {unknown}
 j - 3 scrolls of amnesia
 k - 2 scrolls of enchant armour {unknown}
 m - 3 scrolls of remove curse {unknown}
 t - 2 scrolls of immolation {unknown}
 w - a scroll of magic mapping {unknown}
Potions
 n - 3 potions of heal wounds
 p - a potion of resistance
 q - a potion of cancellation {unknown}
 r - a potion of lignification {unknown}
 s - a potion of degeneration {unknown}
 u - 3 potions of flight {unknown}
 v - a potion of curing {unknown}
Books
 c - a book of Battle

   Spells                             Type                      Level
   a - Infusion                       Charms                       1
   b - Shroud of Golubria             Charms/Translocation         2
   c - Song of Slaying                Charms                       2
   d - Spectral Weapon                Hexes/Charms                 3
   e - Regeneration                   Charms/Necromancy            3
 y - a book of Geomancy

   Spells                             Type                      Level
   a - Sandblast                      Earth                        1
   b - Passwall                       Transmutation/Earth          2
   c - Stone Arrow                    Conjuration/Earth            3
   d - Petrify                        Transmutation/Earth          4
   e - Lee's Rapid Deconstruction     Earth                        5
Comestibles
 d - 12 rations


   Skills:
 + Level 4.2 Fighting
 + Level 4.8(5.4) Axes
 + Level 3.6(4.8) Maces & Flails
 + Level 3.1 Armour
 + Level 3.5 Dodging
 + Level 2.7 Stealth
 + Level 3.1 Spellcasting
 + Level 4.2 Charms
 + Level 0.4 Translocations


You had 10 spell levels left.
You knew the following spells:

 Your Spells              Type           Power        Failure   Level  Hunger
a - Infusion              Chrm           ###.         4%          1    #......
b - Shroud of Golubria    Chrm/Tloc      #.........   14%         2    ##.....


Dungeon Overview and Level Annotations

Branches:
Dungeon (6/15)             Temple (1/1) D:4

Altars:
Ashenzari
Elyvilon
Fedhas
Kikubaaqudgha
Makhleb
Nemelex Xobeh
Okawaru
Qazlal
Ru
Trog
Uskayaw
Vehumet
Wu Jian
Yredelemnul
Lugonu


Innate Abilities, Weirdness & Mutations

You have a pair of horns on your head.
You have a moderately thin skeletal structure. (Dex +4, Stealth+)
You regenerate a little health from kills.
You are partially covered in sharp spines.


Message History

Your shroud begins to fray at the edges.
The orc priest barely misses you. Something hits you but does no damage.
You slash the orc priest! You burn the orc priest.
The orc priest is severely wounded.
You barely miss something.
The orc priest hits you with a mace of protection!
Something hits you.
You are too injured to fight recklessly!
You are too injured to fight recklessly!
Your magical infusion is running out.
Something hits you but does no damage.
Your shroud unravels.
The orc priest invokes the aid of Beogh against you.
Beogh smites you!
* * * LOW HITPOINT WARNING * * *
Something hits you.
* * * LOW HITPOINT WARNING * * *
The orc priest invokes the aid of Beogh against you.
Beogh smites you!
You die...

....... ####... ...(...
#....## #...... #......
#..... ####.[.... #....
###......_.. #...)###
##...#.#.....
#)..########..###.#.....
#..o.O{....#.## #.###...
#######@.#....###.....##
#..)......#####.#
###.#[.>..##)..##.#
#...#####...#.....#
#<### ###...###.## #..#
###.###... ...##
####....... ...##
##....###### ####
####..#### ##


You could see an ogre and an orc priest.

Vanquished Creatures
  Eustachio (D:3)
  A water moccasin (D:5)
  Duvessa (D:5)
  A sky beast (D:5)
  An ogre (D:4)
  A big kobold (Sewer)
  A bullfrog (D:6)
  Dowan (D:5)
  A crimson imp (D:5)
  A quasit (D:4)
  A hound (D:4)
  2 orc priests
  3 orc wizards
  2 bullfrog skeletons
  An iguana (D:4)
  3 worker ants
  A killer bee zombie (D:6)
  A hound skeleton (D:6)
  10 adders
  11 gnolls
  3 river rats
  An ooze (D:3)
  An adder skeleton (D:4)
  3 worms
  3 dart slugs (D:1)
  3 leopard geckos
  14 orcs
  3 ball pythons
  4 bats
  7 giant cockroaches
  8 goblins
  7 hobgoblins
  9 jackals
  3 quokkas
  A ball python skeleton (D:4)
  3 frilled lizards
  A jackal skeleton (D:5)
  A jackal zombie (D:5)
  5 kobolds
  2 leopard gecko skeletons
  8 rats
  A demonic plant (Temple)
136 creatures vanquished.

Notes
Turn   | Place    | Note
-------+----------+-------------------------------------------
     0 | D:1      | Kairos the Demonspawn Skald began the quest for the Orb.
     0 | D:1      | Reached XP level 1. HP: 16/16 MP: 3/3
   244 | D:1      | Gained mutation: You are partially covered in sharp spines. [demonic ancestry]
   244 | D:1      | Reached XP level 2. HP: 22/22 MP: 0/5
   433 | D:1      | Reached skill level 1 in Armour
   861 | D:2      | Found an ornate altar of the Wu Jian Council.
   910 | D:2      | Found a radiant altar of Vehumet.
   913 | D:2      | Gained mutation: You have a pair of small horns on your head. [demonic ancestry]
   913 | D:2      | Reached XP level 3. HP: 27/27 MP: 6/6
  1236 | D:2      | Found a white marble altar of Elyvilon.
  1556 | D:3      | Gained mutation: You have a somewhat thin skeletal structure. (Dex +2, Stealth) [demonic ancestry]
  1556 | D:3      | Reached XP level 4. HP: 32/33 MP: 2/7
  1628 | D:3      | Reached skill level 1 in Stealth
  1681 | D:3      | Found a hide-covered altar of Uskayaw.
  1690 | D:3      | Gained mutation: You have a pair of horns on your head. [demonic ancestry]
  1690 | D:3      | Reached XP level 5. HP: 27/39 MP: 5/8
  2124 | D:4      | Noticed Eustachio
  2140 | D:3      | Reached skill level 1 in Axes
  2501 | D:3      | Learned a level 2 spell: Shroud of Golubria
  2838 | D:3      | Killed Eustachio
  2838 | D:3      | Gained mutation: You regenerate a little health from kills. [demonic ancestry]
  2838 | D:3      | Reached XP level 6. HP: 27/46 MP: 2/9
  3317 | D:4      | Reached XP level 7. HP: 51/51 MP: 0/10
  3393 | D:4      | Found a staircase to the Ecumenical Temple.
  3414 | Temple   | Entered the Ecumenical Temple
  3998 | D:5      | Entered Level 5 of the Dungeon
  4001 | D:5      | Noticed Duvessa
  4002 | D:5      | Noticed Dowan
  4017 | D:5      | Killed Duvessa
  4399 | D:5      | Killed Dowan
  4436 | D:5      | Gained mutation: You have a moderately thin skeletal structure. (Dex +4, Stealth+) [demonic ancestry]
  4436 | D:5      | Reached XP level 8. HP: 23/59 MP: 6/12
  4491 | D:5      | Found a glowing drain.
  4626 | Sewer    | Entered a sewer
  4739 | Sewer    | Found a white marble altar of Elyvilon.
  5486 | D:6      | Found a shattered altar of Ashenzari.
  5542 | D:6      | Killed from afar by an orc priest

Skill      XL: |  1  2  3  4  5  6  7  8 |
---------------+-------------------------+-----
Armour         | 1 2 3 |  3.1
Maces & Flails | 2 3 |  3.6
Charms         | 3 4 |  4.2
Dodging        | 2 3 |  3.5
Stealth        | 1 2 |  2.7
Axes           | 1 2 3 4 |  4.8
Fighting       | 3 4 |  4.2
Spellcasting   | 3 |  3.1
Translocations | |  0.4

Action                   |  1- 3 |  4- 6 |  7- 9 || total
-------------------------+-------+-------+-------++-------
Melee: Mace              |    70 |    27 |       ||    97
       Headbutt          |     3 |    19 |    25 ||    47
       Hand axe          |       |    72 |   145 ||   217
 Cast: Infusion          |     2 |     3 |     3 ||     8
       Shroud of Golubri |       |     1 |     4 ||     5
  Use: Scroll            |       |     3 |     2 ||     5
       Potion            |       |     3 |       ||     3
 Stab: Sleeping          |       |     1 |     4 ||     5
  Eat: Chunk             |     2 |     2 |     4 ||     8
       Ration            |       |     1 |     1 ||     2
Armor: Leather armour    |    16 |    20 |    18 ||    54
Dodge: Dodged            |    45 |    86 |    79 ||   210
